 Dungeon Crawl Stone Soup version 0.30.0-17-ge0270778cf (webtiles) character file.

Game seed: 4721850443800715738

165 cheesebisquit the Chiller (level 5, 0/38 HPs)
             Began as a Draconian Ice Elementalist on May 21, 2023.
             Slain by a gnoll
             ... wielding a +0 halberd
              (6 damage)
             ... on level 4 of the Dungeon.
             The game lasted 00:18:24 (3641 turns).

cheesebisquit the Chiller (DrIE)                    Turns: 3641, Time: 00:18:24

Health: 0/38       AC:  8    Str: 10    XL:     5   Next: 21%
Magic:  7/10       EV:  6    Int: 18    God:
Gold:   131        SH:  0    Dex: 11    Spells: 4/11 levels left

rFire   . . .        p - +0 hand axe (pain)
rCold   . . .        (no shield)
rNeg    . . .        (body armour unavailable)
rPois   .            (helmet restricted)
rElec   .            (no cloak)
rCorr   +            s - +1 pair of gloves
SInv    .            i - +0 pair of boots
Will    .....        (no amulet)
Stlth   ++           h - ring of resist corrosion
HPRegen 0.26/turn    o - ring of wizardry
MPRegen 0.12/turn

%: wizardry (x1)
@: held
A: AC +5, unfitting armour, cold-blooded, screaming 1
a: no special abilities


You were on level 4 of the Dungeon.
You visited 1 branch of the dungeon, and saw 4 of its levels.

You collected 131 gold pieces.

Inventory:

Hand Weapons
 p - a +0 hand axe of pain (weapon)
Missiles
 c - a throwing net
 n - 4 poisoned darts
Armour
 i - a +0 pair of boots (worn)
 s - a +1 pair of gloves (worn)
Jewellery
 h - a ring of resist corrosion (left hand)
 o - a ring of wizardry (right hand)
Scrolls
 a - a scroll of amnesia {unknown}
 b - 2 scrolls of enchant weapon {unknown}
 d - a scroll of summoning {unknown}
 f - 3 scrolls of teleportation {unknown}
 g - 2 scrolls of fog {unknown}
 j - a scroll of identify {unknown}
 k - a scroll of acquirement {unknown}
 q - a scroll of brand weapon {unknown}
Potions
 e - 2 potions of flight
 l - a potion of haste
 m - a potion of magic
 r - a potion of lignification {unknown}


   Skills:
 - Level 1.7 Dodging
 - Level 1.7 Stealth
 + Level 3.8 Spellcasting
 + Level 5.4 Ice Magic


You had 4 spell levels left.
You knew the following spells:

 Your Spells              Type           Power      Damage    Failure   Level
a - Freeze                Ice            88%        1d9       1%          1
b - Frozen Ramparts       Ice            44%        1d7       1%          3
c - Ozocubu's Armour      Ice            22%        N/A       1%          3

Your spell library contained the following spells:

 Spells                   Type           Power      Damage    Failure   Level
 Shock                    Conj/Air       12%        1d3       6%          1
 Slow                     Hex            12%        N/A       6%          1
 Confusing Touch          Hex            3%         N/A       17%         3
 Swiftness                Air            3%         N/A       17%         3
 Vampiric Draining        Necr           3%         2d6       17%         3
 Summon Ice Beast         Ice/Summ       13%        N/A       19%         4
 Airstrike                Air            1%         2d(1-17)  50%         4


Dungeon Overview and Level Annotations

Branches:
Dungeon (4/15)
 Temple: D:4-7

Altars:
Elyvilon

Shops:
D:2 =   D:4 =?

Annotations:
D:2 Sigmund


Innate Abilities, Weirdness & Mutations

Your plain brown scales are hard. (AC +5)
You cannot fit into any form of body armour.
You are cold-blooded and may be slowed by cold attacks.
You occasionally shout uncontrollably at your foes.


Message History

A ball python comes into view.
The ball python hisses angrily.
You freeze the ball python!
You kill the ball python!
You open the door.
Found Amuhahi's Magic Scroll Emporium. 2 gnolls come into view.
The gnoll shouts!
There is an open door here.
Found Cysecag's Jewellery Shoppe.
The gnoll hits you but does no damage.
A gnoll comes into view. It is wielding a +0 whip.
You freeze the gnoll!
The gnoll is severely wounded.
The gnoll shouts!
The gnoll closely misses you. The gnoll hits you but does no damage.
You freeze the gnoll.
The gnoll is severely wounded.
The gnoll closely misses you. The gnoll misses you.
You freeze the gnoll.
The gnoll is almost dead.
The gnoll hits you with a +0 halberd!
The gnoll throws a throwing net.
The throwing net hits you.
You become entangled in the net!
You are held in a net!
You tear a large gash into the net.
The gnoll barely misses you.
The gnoll hits you from afar with a +0 halberd.
You struggle against the net.
The gnoll hits you with a +0 whip. The gnoll hits you with a +0 halberd.
The gnoll hits you from afar with a +0 halberd!
You rip the net and break free!
The gnoll closely misses you. The gnoll barely misses you.
The gnoll throws a throwing net.
The throwing net hits you.
You become entangled in the net!
You struggle against the net.
The gnoll hits you with a +0 whip.
* * * LOW HITPOINT WARNING * * *
The gnoll barely misses you. x2
You struggle against the net.
The gnoll hits you with a +0 whip.
* * * LOW HITPOINT WARNING * * *
The gnoll hits you with a +0 halberd.
* * * LOW HITPOINT WARNING * * *
The gnoll hits you from afar with a +0 halberd.
You die...

#########.######
#.....†...###
#.#######...#
#...#
#...#####.#
#.........#
###.#####.#
.########'#####
.8.8..g@......#
⌠.⌠....g......#
.∩.8.g........#
⌠.⌠..##...∩...#
.8.8. #.#######
.#.. ... #. ##..
.. ..#


You could see 3 gnolls.

Vanquished Creatures
  Jessica (D:2)
  6 adders
  A worm (D:2)
  A dart slug (D:3)
  An orc (D:3)
  9 ball pythons
  5 bats
  13 endoplasms
  6 giant cockroaches
  8 hobgoblins
  3 jackals (D:1)
  3 quokkas
  4 frilled lizards
  4 goblins
  5 kobolds
  4 rats
74 creatures vanquished.

Notes
Turn   | Place    | Note
-------+----------+-------------------------------------------
     0 | D:1      | cheesebisquit the Draconian Ice Elementalist began the
                  | quest for the Orb.
     0 | D:1      | Reached XP level 1. HP: 14/14 MP: 3/3
   185 | D:1      | Reached XP level 2. HP: 20/20 MP: 3/5
   517 | D:1      | Found a faded altar of an unknown god.
   530 | D:1      | Reached XP level 3. HP: 16/26 MP: 0/7
   987 | D:2      | Noticed Sigmund
  1048 | D:2      | Learned a level 3 spell: Frozen Ramparts
  1052 | D:2      | Learned a level 3 spell: Ozocubu's Armour
  1401 | D:1      | Found a faded altar of an unknown god.
  1933 | D:2      | Found Ylyxzij's Jewellery Shop.
  1967 | D:2      | Noticed Jessica
  1975 | D:2      | Killed Jessica
  1976 | D:2      | Reached XP level 4. HP: 16/33 MP: 1/8
  2120 | D:2      | Gained mutation: You possess an exceptional clarity of
                  | mind. [potion of mutation]
  2120 | D:2      | Lost mutation: You possess an exceptional clarity of mind.
                  | [potion of mutation]
  2120 | D:2      | Gained mutation: You occasionally shout uncontrollably at
                  | your foes. [potion of mutation]
  2383 | D:2      | Found a white marble altar of Elyvilon.
  2394 | D:2      | Reached skill level 5 in Ice Magic
  3179 | D:3      | Reached XP level 5. HP: 35/38 MP: 7/10
  3630 | D:4      | Found Amuhahi's Magic Scroll Emporium.
  3632 | D:4      | Found Cysecag's Jewellery Shoppe.
  3641 | D:4      | Slain by a gnoll

Illustrated notes

Levels and vault maps discovered:
D:1:      tarquinn_simple_flora_water_a, layout_rooms,
          hellmonk_ecumenical_altar_pennies_from_heaven
D:2:      layout_rooms, serial_shops, nicolae_shop_trees, basic_altar,
          uniq_sigmund, uniq_jessica
D:3:      layout_rooms, serial_aquarium, aquarium_bridge_straight
          [aquarium_subvault_bridge, aquarium_subvault_wall,
          aquarium_subvault_bridge, aquarium_subvault_wall], aquarium_window_2,
          aquarium_window_2, aquarium_window_fake, aquarium_view_2d,
          aquarium_view_2d, wad_rectangle_vault
D:4:      layout_basic, grunt_temple_overflow_diamond, serial_shops,
          nicolae_shop_temple_entry_statues_fountains, shop, shop_statue,
          kennysheep_flooded_box

Skill      XL: |  1  2  3  4 |
---------------+-------------+-----
Spellcasting   | 3 |  3.8
Ice Magic      | 5 |  5.4
Dodging        | |  1.7
Stealth        | |  1.7

Action                     |  1- 3 |  4- 6 || total
---------------------------+-------+-------++-------
  Melee: Unarmed           |     2 |       ||     2
         Tailslap          |     3 |     1 ||     4
         Whip              |    16 |     3 ||    19
  Throw: Dart              |     2 |       ||     2
   Cast: Freeze            |    54 |    54 ||   108
         Frozen Ramparts   |     3 |     1 ||     4
         Ozocubu's Armour  |     1 |     1 ||     2
    Use: Potion            |     3 |     5 ||     8
   Stab: Sleeping          |     2 |     1 ||     3
 Armour: Skin              |    23 |    14 ||    37
  Dodge: Dodged            |    49 |    47 ||    96
